 Dungeon Crawl Stone Soup version 0.31-a0-7-g51783674b7 (webtiles) character file.

Game seed: 9195929636672530882

161 voltaire321 the Gusty (level 5, -1/34 HPs)
             Began as an Octopode Air Elementalist on May 5, 2023.
             Killed by their own static electricity (2 damage)
             ... on level 3 of the Dungeon.
             The game lasted 00:08:02 (2368 turns).

voltaire321 the Gusty (Octopode Air Elementalist)   Turns: 2368, Time: 00:08:03

Health: -1/34      AC:  1    Str:  7    XL:     5   Next: 42%
Magic:  3/8        EV: 13    Int: 19    God:
Gold:   208        SH:  8    Dex: 13    Spells: 3/9 levels left

rFire   . . .        h - +2 hand axe (flame)
rCold   . . .        o - +0 buckler
rNeg    . . .        (helmet restricted)
rPois   .            s - amulet of reflection
rElec   .            (no ring)
rCorr   .            (no ring)
SInv    .            (no ring)
Will    .....        (no ring)
Stlth   +++          (no ring)
HPRegen 0.25/turn    (no ring)
MPRegen 0.11/turn    (no ring)
                     (no ring)

%: reflection
@: no status effects
A: almost no armour, amphibious, 8 rings, camouflage 1, gelatinous body 1,
(nimble swimmer 1), tentacles
a: no special abilities


You were on level 3 of the Dungeon.
You visited 1 branch of the dungeon, and saw 3 of its levels.

You collected 208 gold pieces.

Inventory:

Hand Weapons
 g - a +2 hand axe of holy wrath
 h - a +2 hand axe of flaming (weapon)
 u - a +0 rapier
Missiles
 l - a throwing net
Armour
 o - a +0 buckler (worn)
Magical Staves
 q - a staff of conjuration
Jewellery
 r - a ring of fire
 s - an amulet of reflection (around mantle)
Scrolls
 b - 5 scrolls of identify {unknown}
 e - a scroll of blinking {unknown}
 i - 3 scrolls of enchant weapon {unknown}
 k - a scroll of enchant armour {unknown}
 p - a scroll of immolation {unknown}
 w - a scroll of noise {unknown}
Potions
 a - a potion of magic
 c - a potion of brilliance {unknown}
 d - a potion of might {unknown}
 f - 2 potions of cancellation {unknown}
 j - a potion of heal wounds {unknown}
 m - a potion of lignification {unknown}
 n - a potion of curing {unknown}
 t - a potion of degeneration {unknown}
 v - a potion of mutation {unknown}


   Skills:
 + Level 1.8 Fighting
 + Level 2.9 Dodging
 - Level 2.6 Stealth
 + Level 0.4 Shields
 + Level 2.6 Spellcasting
 + Level 2.2 Conjurations
 + Level 0.8 Summonings
 + Level 0.9 Translocations
 + Level 3.5 Air Magic


You had 3 spell levels left.
You knew the following spells:

 Your Spells              Type           Power      Damage    Failure   Level
a - Shock                 Conj/Air       52%        1d6       9%          1
b - Static Discharge      Conj/Air       26%        2-4/arc   12%         2
c - Swiftness             Air            16%        N/A       19%         3

Your spell library contained the following spells:

 Spells                   Type           Power      Damage    Failure   Level
 Airstrike                Air            8%         2d(2-18)  52%         4
 Malign Gateway           Summ/Tloc      3%         N/A       100%        7
 Summon Horrible Things   Summ           2%         N/A       100%        8


Dungeon Overview and Level Annotations

Branches:
Dungeon (3/15)

Altars:

Shops:
D:2 *

Annotations:
D:3 Natasha


Innate Abilities, Weirdness & Mutations

You cannot wear most types of armour.
You are amphibious.
You can wear up to eight rings at the same time.
Your skin changes colour to match your surroundings (Stealth+).
Your rubbery body absorbs attacks. (AC +1, EV +1)
((You are camouflaged when in or above water. (Stealth+)))
You have tentacles for arms and can constrict up to eight enemies at once.


Message History

Natasha hisses angrily.
Aiming: Shock (safe; 9% risk of failure)
Press: ? - help, Q - select action, (/) - cycle Shift-Dir - straight line, f/p - Natasha
Aim: Natasha, carrying a wand of digging (4) (60% to hit)
You miscast Shock.
You are very lightly contaminated with residual magic.
Nothing appears to happen.
Natasha zaps a wand.
Some rock shatters into small pieces.
Aiming: Shock (safe; 9% risk of failure)
Press: ? - help, Q - select action, (/) - cycle Shift-Dir - straight line, f/p - Natasha
Aim: Natasha, carrying a wand of digging (3) (60% to hit)
The zap misses Natasha.
Aiming: Shock (safe; 9% risk of failure)
Press: ? - help, Q - select action, (/) - cycle Shift-Dir - straight line, f/p - Natasha
Aim: Natasha, carrying a wand of digging (3) (60% to hit)
The zap misses Natasha.
Natasha closely misses you. Natasha claws you!
You hit Natasha. You burn Natasha. You grab Natasha.
Natasha is moderately wounded.
You constrict Natasha. Natasha claws you!
Your magical contamination has completely faded away.
You barely miss Natasha. You squeeze Natasha.
Natasha is severely wounded.
You constrict Natasha, but do no damage.
Natasha mumbles some strange words.
Natasha shimmers violently.
Natasha claws you.
You barely miss Natasha. Your squeeze misses Natasha.
Natasha is severely wounded.
You constrict Natasha, but do no damage.
Natasha casts a spell at you. The magic dart hits you. Natasha claws you!
* * * LOW HITPOINT WARNING * * *
Casting: Shock (safe; 9% risk of failure)
Confirm with . or Enter, or press ? or * to list all spells.
Natasha is struck by an arc of lightning.
Natasha is almost dead.
You are struck by an arc of lightning.
You die...

####
#.####..####...#
#.# #.........#
..# #....###..#
### #.#.......#
##.#..#..#.#
#..........(
#...#....<....
#..###.........
#...# #.@h......
..# #......... .
..........#
######..#..#
#.##.. .# . ..
..


You could see Natasha.

Vanquished Creatures
  Natasha (D:3)
  6 adders
  2 dart slugs (D:1)
  An orc (D:3)
  6 bats
  7 endoplasms
  12 giant cockroaches
  5 goblins
  5 hobgoblins
  2 jackals (D:1)
  A quokka (D:3)
  5 ball pythons
  3 frilled lizards
  11 kobolds
  10 rats
77 creatures vanquished.

Vanquished Creatures (others)
  8 plants (D:3)
8 creatures vanquished.

Grand Total: 85 creatures vanquished

Notes
Turn   | Place    | Note
-------+----------+-------------------------------------------
     0 | D:1      | voltaire321 the Octopode Air Elementalist began the quest
                  | for the Orb.
     0 | D:1      | Reached XP level 1. HP: 11/11 MP: 3/3
     1 | D:1      | Found a runed translucent door.
   176 | D:1      | Reached XP level 2. HP: 18/18 MP: 1/5
   591 | D:1      | Reached XP level 3. HP: 22/22 MP: 2/6
   598 | D:1      | Reached skill level 1 in Fighting
  1141 | D:2      | Learned a level 2 spell: Static Discharge
  1145 | D:2      | Learned a level 3 spell: Swiftness
  1151 | D:2      | Reached XP level 4. HP: 28/28 MP: 1/7
  1595 | D:2      | Found Voocoruc's Assorted Antiques.
  1882 | D:3      | Noticed Natasha
  1887 | D:3      | Killed Natasha
  1888 | D:3      | Reached XP level 5. HP: 34/34 MP: 4/8
  2357 | D:3      | Noticed Natasha
  2367 | D:3      | HP: 1/34 [Natasha (10)]
  2368 | D:3      | Killed from afar by themself

Illustrated notes

Levels and vault maps discovered:
D:1:      dpeg_arrival_caged_fury, layout_loops_ring, serial_glass,
          glass_columns_b, glass_columns_b, minmay_tetromino_o2
D:2:      layout_rooms, serial_shops, shop
D:3:      layout_rooms, chequers_hall_statues_corner_a,
          chequers_serial_rivers_marsh, serial_bayou_pond_c, uniq_natasha,
          uniq_crazy_yiuf_cottage, uniq_jessica

Skill      XL: |  1  2  3  4 |
---------------+-------------+-----
Fighting       | 1 |  1.8
Conjurations   | 2 |  2.2
Dodging        | |  2.9
Stealth        | |  2.6
Shields        | |  0.4
Spellcasting   | |  2.6
Summonings     | |  0.8
Translocations | |  0.9
Air Magic      | |  3.5

Action                     |  1- 3 |  4- 6 || total
---------------------------+-------+-------++-------
  Melee: Unarmed           |    13 |       ||    13
         Constrict         |     3 |     9 ||    12
         Tentacles         |     7 |     4 ||    11
         Hand axe          |     8 |    32 ||    40
   Cast: Shock             |    55 |    43 ||    98
   Stab: Sleeping          |     1 |       ||     1
 Armour: Skin              |     4 |     5 ||     9
  Dodge: Dodged            |    20 |    23 ||    43
  Block: Buckler           |       |     6 ||     6

Table legend: (Time is in decaauts)
 A = Elapsed time spent in this place.
 B = Non-inter-level travel time spent in this place.
 C = Inter-level travel time spent in this place.
 D = Time resting spent in this place.
 E = Time spent auto-exploring this place.
 F = Levels seen in this place.
 G = Mean time per level.
                   A        B        C        D        E       F      G
               +--------+--------+--------+--------+--------+-----+--------+
         Total |   2379 |   2355 |     24 |    198 |   1621 |   3 |  793.0 |
       Dungeon |   2379 |   2355 |     24 |    198 |   1621 |   3 |  793.0 |
               +--------+--------+--------+--------+--------+-----+--------+

Top non-repeatable levels by time:
     D:1: 1128 daAuts
     D:2: 760 daAuts
     D:3: 491 daAuts
